 Dungeon Crawl Stone Soup version 0.19.5 (webtiles) character file.

185 Scud the Sneak (level 5, -4/27 HPs)
             Began as a Vine Stalker Assassin on Mar 14, 2017.
             Slain by an iguana (14 damage)
             ... on level 4 of the Dungeon.
             The game lasted 00:23:28 (3102 turns).

Scud the Sneak (Vine Stalker Assassin)              Turns: 3102, Time: 00:23:29

Health: -4/27      AC:  4    Str: 14    XL:     5   Next: 64%
Magic:  0/6        EV: 12    Int: 11    God:
Gold:   180        SH:  0    Dex: 16    Spells: 0 memorised, 4 levels left

rFire  . . .     SeeInvis .     a - +2 dagger
rCold  + . .     Gourm    .     c - +0 robe
rNeg   . . .     Faith    .     (no shield)
rPois  .         Spirit   +     (no helmet)
rElec  .         Reflect  .     d - +1 cloak
rCorr  .         Harm     .     (no gloves)
MR     .....                    (no boots)
Stlth  ++++......               (no amulet)
                                (no ring)
                                s - ring of protection from cold

@: no status effects
A: fangs 2, regeneration 1, magic shield, antimagic bite, no device heal 3, rot
immunity
a: no special abilities


You were on level 4 of the Dungeon.
You were not hungry.

You visited 1 branch of the dungeon, and saw 4 of its levels.

You collected 180 gold pieces.

Inventory:

Hand Weapons
 a - a +2 dagger (weapon)
 b - a +0 blowgun
 i - a +0 dagger
 n - a +0 glaive
 p - a +0 short sword
Missiles
 e - 8 poisoned needles
 f - 2 curare-tipped needles
 m - 3 needles of sleeping
Armour
 c - a +0 robe (worn)
 d - a +1 cloak (worn)
 l - a +0 buckler
Jewellery
 r - a +3 ring of evasion {unknown}
 s - a ring of protection from cold (left hand)
Wands
 g - a wand of hasting (5/9)
Scrolls
 o - 2 scrolls of blinking
 t - 2 scrolls of identify {unknown}
Potions
 j - 2 potions of curing
Comestibles
 h - a meat ration
 k - 3 bread rations
 q - a beef jerky


   Skills:
 + Level 2.4 Fighting
 + Level 2.6 Short Blades
 + Level 1.9 Throwing
 + Level 1.7 Dodging
 * Level 6.8 Stealth
 - Level 0.5 Shields


You had 4 spell levels left.
You didn't know any spells.

Dungeon Overview and Level Annotations

Branches:
Dungeon (4/15)
 Temple: D:4-7

Altars:
Ashenzari
Kikubaaqudgha


Innate Abilities, Weirdness & Mutations

You have extremely sharp teeth.
Your natural rate of healing is unusually fast.
When hurt, damage is shared between your health and your magic reserves.
Your bite disrupts and absorbs the magic of your enemies.
Potions and wands cannot restore your health.
You are immune to rotting.


Message History

You kill the worm!
You see here 3 gold pieces.
An iguana is nearby!
An iguana is nearby!
An iguana is nearby!
An iguana is nearby!
An iguana is nearby!
The iguana barely misses you.
You see here 3 gold pieces.
You closely miss the iguana. You bite the iguana, but do no damage.
The iguana bites you!
You barely miss the iguana. The iguana bites you!
You hit the iguana.
The iguana is lightly wounded.
The iguana bites you.
You barely miss the iguana. Your bite misses the iguana.
The iguana is lightly wounded.
The iguana bites you!
Ouch! That really hurt!
You die...

#....#####.....####.....#
#......#.###......####+##
#......#...#......#
#......#...'......+
#......#...#......#
+#......#...#......#
..<......#####......#
...............>....+
.........l@.........#
....................#
###.................#
####+######....>....
#.)....... #.........
#........ #......


You could see an iguana.

Vanquished Creatures
  Ijyb (D:2)
  2 adders (D:3)
  2 oozes
  4 worms
  A dart slug (D:1)
  5 leopard geckos
  An orc (D:3)
  7 giant cockroaches
  21 goblins
  5 hobgoblins
  16 jackals
  6 kobolds
  A quokka (D:2)
  16 bats
  3 frilled lizards
  9 rats
100 creatures vanquished.

Vanquished Creatures (others)
  A human (D:3)
1 creature vanquished.

Grand Total: 101 creatures vanquished

Notes
Turn   | Place    | Note
-------+----------+-------------------------------------------
     0 | D:1      | Scud the Vine Stalker Assassin began the quest for the Orb.
     0 | D:1      | Reached XP level 1. HP: 11/11 MP: 2/2
    27 | D:1      | Reached skill level 5 in Stealth
    44 | D:1      | Reached XP level 2. HP: 14/15 MP: 3/3
   156 | D:1      | Reached skill level 1 in Dodging
   369 | D:1      | Found a shattered altar of Ashenzari.
   382 | D:1      | Reached XP level 3. HP: 12/18 MP: 4/4
  1245 | D:2      | Gained mutation: Your natural rate of healing is unusually fast. [Vine Stalker growth]
  1245 | D:2      | Reached XP level 4. HP: 8/23 MP: 2/5
  1339 | D:2      | Noticed Ijyb
  1370 | D:2      | Killed Ijyb
  1370 | D:2      | Reached skill level 6 in Stealth
  1634 | D:2      | Reached XP level 5. HP: 26/26 MP: 6/6
  2111 | D:3      | Found an ancient bone altar of Kikubaaqudgha.
  2111 | D:3      | Noticed a human
  2115 | D:3      | Killed a human
  3102 | D:4      | Slain by an iguana

Skill      XL: |  1  2  3  4 |
---------------+-------------+-----
Stealth        | 5 6 |  6.8
Dodging        | 1 |  1.7
Fighting       | 2 |  2.4
Short Blades   | 2 |  2.6
Throwing       | |  1.9
Shields        | |  0.5

Action                   |  1- 3 |  4- 6 || total
-------------------------+-------+-------++-------
Melee: Dagger            |   114 |   165 ||   279
       Bite              |    26 |    35 ||    61
  Use: Potion            |     3 |     3 ||     6
       Scroll            |     2 |     4 ||     6
 Stab: Sleeping          |     5 |    15 ||    20
       Distracted        |       |     2 ||     2
  Eat: Bread ration      |     1 |       ||     1
       Meat ration       |       |     1 ||     1
       Chunk             |       |     1 ||     1
Armor: Robe              |    44 |    28 ||    72
Dodge: Dodged            |    83 |    74 ||   157
Block: Buckler           |    21 |    28 ||    49
